Map: Whitewater Line LE

Players

qbert

  • Race: Terran Terran
  • League: Platinum
  • Spawn Location: 1:00

Dan

  • Race: Terran Terran
  • League: Platinum
  • Spawn Location: 12:00

zeuciucurel

  • Race: Terran Terran
  • Spawn Location: 1:00

RolfDieter

  • Race: Protoss Protoss
  • Spawn Location: 7:00

flex

  • Race: Protoss Protoss
  • Spawn Location: 6:00

holzi

  • Race: Zerg Zerg
  • Spawn Location: 7:00

VOD

Have the link to the VOD?

Description

Time

  • Played on: May 13, 2020, 4:37 p.m.
  • Length: 10:29
Show
View Real Time Build Order
Export as new Build Order

qbert Terran 

Build Orders:  

Get SALT Encoding   

  12  0:01  SCV  
  13  0:13  SCV  
  14  0:26  Supply Depot  
  14  0:28  SCV  
  15  0:48  SCV  
  16  0:50  Barracks  
  16  0:54  Refinery  
  16  1:00  SCV  
  17  1:12  SCV  
  18  1:31  Command Center  
  18  1:47  SCV  
  18  1:58  Marine  
  20  2:04  Barracks  
  20  2:06  Orbital Command  
  19  2:11  Refinery  
  19  2:24  Barracks Tech Lab  
  19  2:34  SCV  
  20  2:46  SCV  
  20  2:48  Orbital Command  
  21  2:54  Factory  
  21  2:58  SCV  
  22  3:10  SCV  
  23  3:16  Barracks Reactor  
  23  3:17  Marine  
  24  3:22  SCV, Barracks  
  25  3:33  SCV  
  26  3:34  SCV  
  26  3:35  Marine  
  28  3:41  Factory Tech Lab  
  28  3:43  Combat Shield  
  28  3:46  Barracks  
  28  3:47  SCV  
  29  3:49  SCV  
  29  3:53  Marine  
  31  3:59  SCV  
  31  4:01  SCV  
  33  4:03  Supply Depot  
  33  4:07  Supply Depot  
  33  4:11  SCV  
  33  4:13  SCV  
  35  4:18  Siege Tank  
  38  4:24  SCV  
  38  4:25  SCV  
  38  4:26  Refinery  
  38  4:27  Marine  
  38  4:28  Marine, Supply Depot  
  38  4:29  Marine  
  43  4:32  Supply Depot  
  43  4:35  Barracks Reactor  
  43  4:36  SCV  
  43  4:37  SCV  
  45  4:43  Refinery  
  45  4:44  Engineering Bay  
  45  4:47  Starport  
  45  4:54  SCV x2  
  47  5:02  Supply Depot  
  47  5:06  Marine x2, SCV  
  50  5:15  Marine x4  
  50  5:17  SCV  
  50  5:18  SCV  
  56  5:24  Marine x2, Supply Depot  
  58  5:29  Widow Mine  
  58  5:32  Marine  
  58  5:33  Marine x3  
  58  5:34  Terran Infantry Armor Level 1  
  64  5:39  Starport Reactor  
  64  5:41  Stimpack  
  64  5:43  Marine x2  
  66  5:50  Widow Mine  
  66  5:56  Marine x2  
  66  5:57  Marine x2  
  70  6:01  Marine x2  
  74  6:14  Marine x3, Missile Turret  
  74  6:15  Marine  
  78  6:18  Marine  
  76  6:38  SCV x2  
  78  6:46  Missile Turret  
  75  6:50  SCV  
  75  6:51  SCV  
  72  7:01  Marine x2  
  72  7:02  Marine x4  
  72  7:03  SCV  
  68  7:19  Marine x3  
  68  7:20  Marine x3  
  64  7:31  SCV x2  
  64  7:37  Marine x4, Siege Tank  
  68  7:38  Marine x2  
  68  7:43  SCV, Command Center  
  65  7:55  Marine x5  
  65  7:56  Marine  
  69  8:09  Siege Tank  
  66  8:13  Marine x6  
  65  8:27  SCV x2  
  65  8:30  Marine  
  65  8:31  Missile Turret  
  68  8:39  SCV  
  68  8:41  Siege Tank  
  71  8:47  Marine x3  
  71  8:48  Marine  
  75  8:49  SCV  
  75  8:50  Missile Turret  
  75  8:51  SCV  
  74  9:01  SCV  
  73  9:03  Marine, SCV  
  73  9:05  Medivac x2  
  79  9:13  Widow Mine  
  79  9:15  SCV  
  81  9:26  Marine  
  81  9:27  Marine x5  
  81  9:28  SCV  
  81  9:40  SCV  
  81  9:44  Marine x3  
  81  9:45  Marine x3  
  80  10:02  Marine x4  
  80  10:03  Marine x2  
Show
View Real Time Build Order
Export as new Build Order

Dan Terran 

Build Orders:  

Get SALT Encoding   

  12  0:03  SCV  
  13  0:15  SCV  
  14  0:27  SCV  
  14  0:28  Supply Depot  
  15  0:49  SCV, Refinery  
  16  0:54  Barracks  
  16  1:01  SCV  
  17  1:13  SCV  
  18  1:25  SCV  
  19  1:38  SCV  
  20  1:46  Reaper  
  21  1:50  SCV  
  22  2:02  Command Center  
  22  2:05  Orbital Command  
  22  2:12  Refinery  
  22  2:24  Barracks  
  22  2:32  Barracks Reactor  
  22  2:41  SCV  
  23  2:54  Supply Depot  
  23  2:57  SCV  
  23  3:01  Barracks  
  23  3:11  Barracks  
  23  3:15  Supply Depot  
  23  3:16  Orbital Command  
  23  3:20  Barracks Tech Lab  
  23  3:21  Marine x2  
  23  3:26  SCV  
  26  3:34  Engineering Bay  
  26  3:37  Engineering Bay  
  26  3:41  Stimpack  
  26  3:44  SCV  
  26  3:48  SCV  
  28  3:58  Barracks Tech Lab  
  28  4:02  Factory  
  28  4:06  Refinery  
  28  4:07  SCV  
  29  4:10  Barracks Reactor  
  29  4:11  Marine x2  
  31  4:18  Combat Shield  
  31  4:20  SCV x2  
  31  4:22  Marine  
  31  4:23  Marine  
  35  4:29  Terran Infantry Weapons Level 1  
  35  4:32  Terran Infantry Armor Level 1  
  35  4:34  SCV x2  
  35  4:36  Marine  
  38  4:42  Marine x2  
  40  4:46  SCV x2  
  40  4:50  Factory Tech Lab  
  42  4:54  Marine x2  
  42  4:58  SCV x2  
  46  5:03  Armory  
  46  5:10  Marine x2, SCV x2  
  46  5:11  Siege Tank  
  46  5:13  Marine  
  54  5:22  Supply Depot  
  54  5:41  Starport  
  54  5:43  Marine x3, SCV x2  
  54  5:44  Supply Depot  
  54  5:48  Barracks  
  59  5:51  Barracks  
  59  5:55  SCV  
  60  6:00  Marine x2  
  62  6:06  Marine x2  
  62  6:07  Marine  
  62  6:08  Marine  
  62  6:09  Siege Tank  
  68  6:18  Marine x2  
  67  6:24  Marine x2  
  67  6:25  Marine  
  67  6:26  Marauder, Supply Depot  
  68  6:36  Marine x2  
  69  6:41  Marine, Siege Tank  
  69  6:44  Reaper, Marauder  
  76  6:47  Marauder  
  76  6:53  Marine x2  
  80  7:01  Marine  
  80  7:05  Marauder  
  80  7:09  Marauder  
  80  7:11  Marine x2  
  80  7:13  Barracks Reactor  
  80  7:14  Barracks Reactor  
  82  7:16  Marine  
  82  7:20  Marine  
  84  7:27  Marauder  
  84  7:29  Marine  
  80  7:30  Marine, Marauder, Medivac  
  80  7:33  Marine  
  79  7:38  Marine  
  78  7:47  Marine  
  78  7:48  Marine, Marauder  
  72  7:51  Marauder  
  72  7:58  Marine x2  
  72  7:59  Marine  
  72  8:00  Medivac  
  76  8:09  Marine x2, Marauder  
  76  8:11  Siege Tank  
  80  8:13  Marauder  
  81  8:25  Marine x2  
  83  8:31  Marauder  
  83  8:32  Marine  
  86  8:50  Marine  
  86  8:56  Marine x3, Medivac  
  86  8:57  Marine, Marauder, Supply Depot  
  86  9:02  Supply Depot  
  94  9:11  Marine x2  
  94  9:12  Marine  
  94  9:16  Marine  
  94  9:18  Marine  
  94  9:19  Marine, Marauder x2  
  97  9:26  Marine  
  97  9:30  Starport Reactor  
  95  9:31  Marine x2  
  95  9:37  Marine x2  
  99  9:40  Marauder x2  
  103  9:56  Marine x2  
  94  10:01  Marauder x2  
  94  10:02  Marine  
  94  10:06  Marine  
  90  10:08  Marine  
  90  10:10  Marine  
  90  10:11  Marine  
Show
View Real Time Build Order
Export as new Build Order

zeuciucurel Terran 

Build Orders:  

Get SALT Encoding   

  12  0:01  SCV  
  13  0:13  SCV  
  14  0:23  Supply Depot  
  14  0:25  Refinery  
  14  0:29  SCV  
  15  0:47  Barracks  
  15  0:53  SCV  
  16  1:05  SCV  
  17  1:17  SCV  
  18  1:29  SCV, Barracks  
  19  1:40  Factory  
  19  1:41  SCV  
  19  1:45  Marine  
  21  2:26  Refinery  
  21  2:27  Factory Tech Lab  
  21  2:29  Barracks Tech Lab  
  21  2:34  Starport  
  21  2:35  Orbital Command  
  21  2:51  Command Center  
  21  3:03  Combat Shield  
  21  3:06  SCV  
  22  3:18  SCV  
  23  3:24  Barracks Reactor  
  23  3:32  Supply Depot  
  23  3:47  Engineering Bay  
  23  3:53  SCV, Marauder  
  26  3:56  Supply Depot  
  26  4:05  SCV  
  26  4:09  SCV  
  28  4:15  Marauder  
  30  4:17  SCV  
  30  4:22  Marine x2, SCV, Stimpack  
  34  4:29  SCV  
  38  4:31  Siege Tank  
  38  4:34  SCV  
  38  4:37  Terran Infantry Weapons Level 1  
  39  4:41  SCV  
  39  4:42  Medivac  
  39  4:45  Marine  
  42  4:46  SCV  
  42  4:48  Marine  
  42  4:52  Marine  
  46  4:58  SCV  
  47  5:10  Marine x2, Marauder  
  51  5:25  Engineering Bay  
  51  5:27  Orbital Command  
  51  5:28  SCV  
  51  5:32  Marauder  
  54  5:36  Supply Depot  
  54  5:41  SCV  
  55  5:53  SCV  
  56  6:05  SCV  
  56  6:09  Marine x2  
  56  6:10  Marine, Refinery  
  60  6:15  Missile Turret  
  60  6:17  Missile Turret  
  60  6:19  SCV x2  
  59  6:26  Supply Depot  
  59  6:27  Marine x3  
  59  6:31  SCV x2  
  59  6:32  Barracks  
  64  6:45  Marine  
  63  6:49  Refinery  
  63  7:01  Marine x2  
  64  7:03  Marine  
  61  7:19  Marine, Marauder  
  61  7:20  Marine, Barracks  
  58  7:36  Marine x2  
  60  7:38  Marine, SCV x2  
  60  7:41  Marauder  
  65  7:50  SCV  
  66  7:52  Siege Tank  
  66  7:53  Marine  
  66  7:54  Marine  
  66  7:56  Marine  
  69  8:02  Marauder  
  67  8:08  Command Center  
  67  8:11  Marine  
  67  8:12  Marine  
  67  8:14  Marine  
  67  8:19  Missile Turret  
  68  8:23  Marauder  
  68  8:24  Missile Turret, Siege Tank  
  73  8:29  Barracks Reactor  
  73  8:30  Marine  
  73  8:31  Barracks Reactor  
  69  8:44  Marine  
  68  8:52  Marine x2  
  67  8:59  SCV x2  
  71  9:03  Marauder  
  68  9:10  Marine x2  
  68  9:16  Supply Depot  
  70  9:19  SCV x2  
  74  9:24  Marauder  
  74  9:25  Factory  
  74  9:26  Supply Depot  
  74  9:27  Marine  
  74  9:28  Marine  
  74  9:29  Orbital Command  
  72  9:31  SCV  
  72  9:32  SCV  
  74  9:39  Marine x3  
  74  9:40  Supply Depot  
  74  9:43  SCV  
  74  9:44  SCV  
  81  9:45  Marine, Marauder  
  81  9:46  Marine  
  81  9:50  Supply Depot  
  83  9:55  SCV  
  83  9:56  SCV  
  82  10:00  Marine x2  
  82  10:01  Marine x2  
  82  10:03  Marine x2, SCV  
  82  10:04  Supply Depot  
  91  10:07  Marauder  
  91  10:08  SCV x2  
  91  10:09  Factory  
  91  10:12  Factory Tech Lab  
  96  10:15  SCV  
  96  10:16  Missile Turret  
Show
View Real Time Build Order
Export as new Build Order

RolfDieter Protoss 

Build Orders:  

Get SALT Encoding   

  12  0:01  Probe  
  13  0:13  Probe  
  14  0:20  Pylon  
  14  0:25  Probe (Chrono Boost)  
  15  0:39  Probe (Chrono Boost)  
  16  0:43  Gateway  
  16  0:46  Probe (Chrono Boost)  
  17  0:53  Probe  
  17  0:55  Assimilator  
  18  1:05  Probe  
  19  1:17  Probe  
  20  1:36  Cybernetics Core  
  20  1:48  Nexus  
  20  1:52  Pylon, Probe  
  21  2:04  Probe (Chrono Boost)  
  22  2:15  Probe (Chrono Boost)  
  23  2:18  Warp Gate (Chrono Boost)  
  23  2:20  Probe (Chrono Boost)  
  23  2:30  Probe  
  24  2:42  Robotics Facility, Probe  
  25  2:44  Gateway, Stalker  
  27  2:54  Probe  
  27  2:57  Assimilator  
  28  3:06  Pylon, Probe  
  30  3:20  Probe (Chrono Boost)  
  30  3:23  Probe (Chrono Boost)  
  30  3:25  Assimilator  
  31  3:30  Observer, Probe (Chrono Boost)  
  31  3:33  Probe (Chrono Boost)  
  34  3:35  Probe (Chrono Boost)  
  34  3:39  Forge  
  35  3:43  Probe  
  35  3:47  Probe  
  37  3:51  Stalker  
  39  3:55  Pylon  
  39  3:57  Probe  
  39  3:59  Probe  
  41  4:04  Assimilator  
  41  4:08  Stalker  
  41  4:09  Probe  
  44  4:11  Probe  
  45  4:19  Protoss Ground Weapons Level 1 (Chrono Boost)  
  45  4:21  Probe  
  45  4:23  Probe  
  47  4:34  Probe  
  47  4:35  Probe  
  49  4:39  Pylon  
  49  4:42  Gateway, Observer  
  50  4:46  Probe  
  50  4:47  Probe  
  50  4:49  Pylon  
  50  4:51  Stalker  
  54  4:58  Probe  
  54  4:59  Probe  
  56  5:01  Photon Cannon  
  56  5:06  Pylon x2  
  56  5:10  Probe  
  56  5:11  Probe  
  58  5:22  Probe  
  58  5:28  Nexus  
  59  5:32  Pylon  
  59  5:39  Immortal (Chrono Boost)  
  63  5:43  Stalker  
  63  5:44  Stalker  
  63  5:47  Probe x2  
  69  5:57  Twilight Council  
  69  5:58  Pylon  
  69  5:59  Probe  
  69  6:00  Stalker  
  72  6:07  Protoss Ground Armor Level 1 (Chrono Boost)  
  72  6:10  Probe  
  73  6:11  Probe  
  73  6:15  Stalker x2  
  78  6:22  Probe  
  71  6:40  Stalker x3  
  71  6:41  Immortal (Chrono Boost)  
  79  7:13  Stalker x3  
  75  7:40  Stalker  
  75  7:41  Stalker x2  
  77  7:50  Immortal (Chrono Boost)  
  71  8:13  Stalker x3  
  77  8:38  Stalker x3  
  76  8:50  Gateway  
  76  8:52  Gateway  
  76  8:54  Gateway  
  70  9:01  Stalker  
  70  9:02  Stalker x2  
  76  9:16  Immortal (Chrono Boost)  
  66  9:34  Stalker x2  
  66  9:35  Stalker  
  68  9:51  Stalker x2  
  68  9:52  Stalker  
Show
View Real Time Build Order
Export as new Build Order

flex Protoss 

Build Orders: Oracle Opening 

Get SALT Encoding   

  12  0:02  Probe  
  13  0:14  Probe  
  14  0:22  Pylon  
  14  0:26  Probe  
  15  0:40  Probe  
  16  0:43  Gateway  
  16  0:52  Probe  
  17  1:02  Assimilator  
  17  1:04  Probe (Chrono Boost)  
  18  1:16  Probe (Chrono Boost)  
  19  1:18  Assimilator  
  19  1:24  Probe (Chrono Boost)  
  20  1:31  Probe  
  21  1:33  Cybernetics Core  
  21  1:43  Probe (Chrono Boost)  
  22  1:53  Probe (Chrono Boost)  
  23  2:01  Pylon  
  23  2:06  Pylon  
  23  2:10  Warp Gate  
  23  2:19  Zealot, Probe  
  26  2:24  Pylon  
  26  2:31  Probe  
  26  2:32  Stargate  
  27  2:43  Probe  
  28  2:46  Zealot  
  28  2:49  Gateway  
  30  2:55  Probe  
  30  2:58  Gateway  
  31  3:08  Probe  
  32  3:18  Nexus  
  32  3:21  Probe  
  33  3:33  Oracle  
  36  3:53  Gateway  
  36  4:02  Pylon  
  36  4:10  Oracle  
  36  4:11  Forge  
  36  4:15  Pylon  
  39  4:18  Pylon  
  39  4:22  Probe  
  40  4:34  Probe  
  41  4:39  Probe  
  41  4:40  Shield Battery  
  42  4:46  Probe  
  42  4:52  Probe  
  44  4:54  Assimilator  
  44  4:57  Assimilator  
  44  4:58  Probe  
  45  5:02  Stalker  
  45  5:04  Probe  
  48  5:19  Oracle  
  51  5:22  Twilight Council  
  51  5:38  Zealot  
  51  5:39  Zealot x3  
  60  5:42  Probe  
  60  5:43  Probe  
  61  5:55  Probe x2  
  63  6:07  Probe x2  
  65  6:19  Probe  
  66  6:29  Charge (Chrono Boost)  
  52  7:03  Probe x2  
  54  7:13  Zealot x2  
  54  7:14  Zealot  
  54  7:15  Probe x2  
  62  7:27  Probe x2  
  64  7:34  Pylon  
  64  7:37  Pylon, Zealot  
  64  7:38  Zealot x2  
  64  7:39  Probe x2  
  64  7:42  Pylon  
  72  7:48  Pylon  
  73  7:51  Probe  
  60  8:29  Gateway  
  60  8:30  Gateway  
  60  8:33  Gateway  
  60  8:38  Gateway  
  60  8:41  Gateway  
  60  8:43  Gateway  
  60  9:11  Templar Archives  
  60  9:13  Fleet Beacon  
  60  9:17  Robotics Facility  
  60  9:20  Zealot x3  
  60  9:21  Zealot  
  60  9:23  Zealot  
  70  9:24  Zealot  
  70  9:28  Stalker  
  31  10:03  Stalker x3  
  31  10:05  Zealot x3  
Show
View Real Time Build Order
Export as new Build Order

holzi Zerg 

Build Orders: Hatch First 

Get SALT Encoding   

  12  0:01  Drone  
  13  0:15  Overlord  
  13  0:17  Drone  
  14  0:33  Drone x2  
  16  0:37  Drone  
  17  0:48  Drone  
  18  0:59  Hatchery  
  17  1:05  Drone  
  17  1:08  Extractor  
  17  1:19  Spawning Pool  
  17  1:20  Drone  
  17  1:23  Drone  
  18  1:33  Drone  
  19  1:42  Drone  
  20  1:52  Drone  
  21  2:03  Drone  
  22  2:11  Queen  
  22  2:12  Overlord  
  22  2:14  Queen  
  26  2:18  Metabolic Boost  
  26  2:21  Drone  
  27  2:34  Drone  
  27  2:35  Drone x2  
  30  2:39  Drone  
  31  2:45  Zergling x2  
  32  2:52  Overlord  
  32  3:00  Drone x2  
  34  3:09  Drone  
  34  3:10  Drone  
  36  3:16  Lair  
  36  3:19  Baneling Nest  
  35  3:23  Roach Warren  
  35  3:24  Drone x2  
  36  3:30  Drone x2  
  36  3:31  Drone  
  36  3:32  Overlord  
  39  3:40  Drone x3  
  42  3:46  Zergling x2  
  43  3:53  Drone  
  43  3:54  Evolution Chamber  
  44  3:55  Drone  
  44  4:00  Extractor  
  43  4:04  Drone x2, Extractor  
  43  4:09  Extractor  
  43  4:10  Roach x2  
  43  4:11  Roach x2  
  43  4:13  Overlord x2  
  51  4:18  Drone  
  52  4:39  Drone x2  
  52  4:40  Drone  
  55  4:48  Drone x2  
  55  4:50  Overlord  
  57  4:53  Drone  
  58  5:03  Glial Reconstitution  
  58  5:06  Zerg Melee Weapons Level 1  
  60  5:07  Roach x2  
  62  5:21  Pneumatized Carapace  
  62  5:25  Overseer x2  
  62  5:33  Roach x6  
  62  5:34  Roach, Overlord  
  62  5:35  Overlord x2  
  76  5:53  Overlord x2  
  76  6:00  Roach x2  
  60  6:27  Roach x3  
  60  6:28  Roach x3  
  64  6:50  Roach x4  
  64  6:51  Roach x2  
  63  7:05  Roach x3  
  55  7:17  Roach x4  
  55  7:20  Queen  
  59  7:23  Roach x4  
  67  7:36  Roach x3  
  59  7:46  Roach  
  57  7:58  Roach x5  
  59  8:10  Roach x2  
  57  8:15  Zerg Missile Weapons Level 1  
  55  8:21  Drone, Infestation Pit  
  55  8:22  Extractor  
  55  8:23  Roach x3  
  55  8:24  Roach  
  62  8:29  Drone x2  
  64  8:46  Roach  
  64  8:47  Roach x3  
  58  8:57  Drone  
  58  8:58  Drone x3  
  62  9:08  Roach x2  
  64  9:15  Roach  
  64  9:16  Roach  
  56  9:22  Roach  
  56  9:23  Roach x6  
  64  9:33  Roach  
  64  9:34  Roach  
  66  9:51  Roach x4  
  66  9:52  Roach x2  
  68  9:53  Overlord  
  68  9:54  Overlord  
  56  10:10  Roach x2  
Tags
 
Add a new tag
Caveats
  • Supply blocks, unpowered buildings, or Contaminate may cause inaccurate times.
  • Supply counts are checked every 10 seconds.